 Dungeon Crawl Stone Soup version 0.31.0-12-g77e489cdc1 (webtiles) character file.

Game seed: 14044013907594983307

98 Curundu the Chopper (level 4, -1/41 HPs)
             Began as a Minotaur Berserker on Feb 27, 2024.
             Was a Believer of Trog.
             Slain by a gnoll
             ... wielding a +0 halberd
             ... led by a gnoll bouda
              (4 damage)
             ... on level 3 of the Dungeon.
             The game lasted 00:05:46 (1905 turns).

Curundu the Chopper (Minotaur Berserker)            Turns: 1905, Time: 00:05:46

Health: -1/41      AC:  2    Str: 24    XL:     4   Next: 43%
Magic:  3/3        EV: 12    Int:  4    God:    Trog [**....]
Gold:   162        SH:  0    Dex:  9    Spells: 3/3 levels left

rFire   . . .        a - +0 hand axe
rCold   . . .        (no shield)
rNeg    . . .        b - +0 animal skin
rPois   .            (helmet restricted)
rElec   .            (no cloak)
rCorr   .            (no gloves)
SInv    .            (no boots)
Will    .....        (no amulet)
Stlth   +            (no ring)
HPRegen 0.26/turn    (no ring)
MPRegen 0.08/turn

%: no passive effects
@: on berserk cooldown, slowed, very slow
A: horns 2, retaliatory headbutt
a: Renounce Religion, Berserk, Trog's Hand


You were on level 3 of the Dungeon.
You worshipped Trog.
Trog was pleased with you.
You visited 1 branch of the dungeon, and saw 3 of its levels.

You collected 162 gold pieces.

Inventory:

Hand Weapons
 a - a +0 hand axe (weapon)
Armour
 b - a +0 animal skin (worn)
Jewellery
 g - a ring of magical power
Scrolls
 d - 3 scrolls of identify {unknown}
 f - 2 scrolls of vulnerability {unknown}
 i - a scroll of enchant armour {unknown}
 j - 2 scrolls of fear {unknown}
Potions
 c - a potion of heal wounds {unknown}
 e - a potion of haste {unknown}
 h - a potion of ambrosia {unknown}
 k - a potion of might {unknown}


   Skills:
 + Level 4.7 Fighting
 + Level 5.0 Axes
 + Level 2.7 Armour
 + Level 2.6 Dodging
 + Level 0.5 Stealth


You had 3 spell levels left.
You didn't know any spells.
Your spell library was empty.

Dungeon Overview and Level Annotations

Branches:
Dungeon (3/15)

Altars:
Wu Jian


Innate Abilities, Weirdness & Mutations

You have a pair of horns on your head.
You reflexively headbutt those who attack you in melee.


Message History

A gnoll comes into view.
It is wielding a +0 club and quivering 2 throwing nets.
The gnoll bouda shouts!
The gnoll shouts!
The gnoll hits you with a +0 halberd!
A red film seems to cover your vision as you go berserk!
You feel yourself moving faster!
You feel mighty! The gnoll hits you with a +0 halberd!
A gnoll comes into view. It is wielding a +0 halberd.
The gnoll bouda barks out a call to the hunt!
The gnolls pick up the pace!
You closely miss the gnoll.
The gnoll shouts!
The gnoll closely misses you. You furiously retaliate!
You headbutt the gnoll!
You kill the gnoll!
Trog accepts your kill. The gnoll closely misses you. You furiously retaliate!
You headbutt the gnoll!!
You kill the gnoll!
Trog accepts your kill.
The gnoll throws a throwing net.
The throwing net hits you.
You become entangled in the net!
Your Axes skill increases to level 5!
Things that are here:
a throwing net; a +0 halberd You struggle against the net.
You feel a strong urge to attack something.
You struggle against the net.
The gnoll hits you with a +0 whip.
You struggle against the net.
You feel your anger nearly subside.
You are no longer berserk.
You are exhausted.
You feel yourself slow down. The gnoll hits you with a +0 whip.
The gnoll barely misses you. The gnoll bouda closely misses you.
You rip the net and break free!
The gnoll hits you with a +0 club!
* * * LOW HITPOINT WARNING * * *
The gnoll hits you with a +0 whip.
* * * LOW HITPOINT WARNING * * *
The gnoll barely misses you. The gnoll bouda misses you.
You completely miss the gnoll bouda. You headbutt the gnoll bouda.
The gnoll bouda is moderately wounded.
You hit the gnoll but do no damage. You hit the gnoll.
The gnoll hits you from afar with a +0 halberd.
You die...

#........
#........
######........
##............#
#............##
.........g.....
.......gg.....#
......)@g.....##
................
..........<.....
#............##
##..........##
######..#### ##..
##.### ##...
#...### ####....
###.[.####.......


You could see a gnoll bouda and 3 gnolls.

Vanquished Creatures
  2 gnolls (D:3)
  2 adders
  2 dart slugs
  2 ball pythons
  7 endoplasms
  4 giant cockroaches
  5 goblins
  5 hobgoblins
  3 jackals (D:1)
  2 quokkas (D:1)
  6 bats
  3 frilled lizards
  4 kobolds
  5 rats
52 creatures vanquished.

Notes
Turn   | Place    | Note
-------+----------+-------------------------------------------
     0 | D:1      | Curundu the Minotaur Berserker began the quest for the Orb.
     0 | D:1      | Reached XP level 1. HP: 19/19 MP: 0/0
   139 | D:1      | Reached skill level 4 in Axes
   139 | D:1      | Reached XP level 2. HP: 19/27 MP: 1/1
   364 | D:1      | Reached ** piety under Trog
   389 | D:1      | Reached XP level 3. HP: 31/34 MP: 2/2
  1436 | D:2      | Found an ornate altar of the Wu Jian Council.
  1755 | D:3      | Reached XP level 4. HP: 36/41 MP: 3/3
  1901 | D:3      | Reached skill level 5 in Axes
  1905 | D:3      | Slain by a gnoll

Illustrated notes

Levels and vault maps discovered:
D:1:      saegor_arrival_fortress, layout_loops_ring
D:2:      layout_basic, basic_altar
D:3:      layout_rooms, nicolae_overflow_ecumenical_swirl,
          minmay_fractal_squares_diagonal_5

Skill      XL: |  1  2  3  4 |
---------------+-------------+-----
Axes           | 4 5 |  5.0
Fighting       | 4 |  4.7
Armour         | |  2.7
Dodging        | |  2.6
Stealth        | |  0.5

Action                     |  1- 3 |  4- 6 || total
---------------------------+-------+-------++-------
  Melee: Hand axe          |    90 |     8 ||    98
         Headbutt          |    18 |     1 ||    19
         Punch             |     1 |       ||     1
 Invoke: Berserk           |       |     1 ||     1
   Stab: Sleeping          |     1 |       ||     1
 Armour: Animal skin       |    48 |    10 ||    58
  Dodge: Dodged            |    65 |    12 ||    77
